 Dungeon Crawl Stone Soup version 0.25-a0-975-gcae8493d64 (webtiles) character file.

Game seed: 15795211655839008941, levelgen mode: deterministic

344330 Flugslaktarn the Hoplite (level 20, -4/199 HPs)
             Began as a Minotaur Fighter on May 9, 2020.
             Was an Initiate of Gozag.
             Hit by a large rock thrown by a stone giant (41 damage)
             ... summoned by a boggart
             ... on level 1 of the Depths.
             The game lasted 00:27:41 (47254 turns).

Flugslaktarn the Hoplite (Minotaur Fighter)        Turns: 47254, Time: 00:27:41

Health: -4/199     AC: 34    Str: 33    XL:     20   Next: 78%
Magic:  19/19      EV: 15    Int:  5    God:    Gozag
Gold:   8013       SH: 25    Dex: 15    Spells: 19/19 levels left

rFire    . . .     SeeInvis .   B - +9 broad axe (vamp)
rCold    . . .     Gourm    .   R - +0 tower shield
rNeg     . . .     Faith    .   n - +4 chain mail of a sewer {Str+5}
rPois    +         Spirit   .   A - +2 hat
rElec    +         Reflect  .   K - +2 cloak {rPois}
rCorr    .         Harm     .   (no gloves)
MR       ++...                  V - +2 pair of boots {Fly}
Stlth    ..........             J - amulet of the Middle {RegenMP rElec Str+3}
HPRegen  0.43/turn              w - ring of protection from magic
MPRegen  0.41/turn              p - +5 ring of protection

@: lethally poisoned (-4 -> -4), gold aura, flying, slowed, studying Axes,
drained, very slow
A: retaliatory headbutt, horns 2
}: 3/15 runes: barnacled, silver, gossamer
a: Potion Petition, Call Merchant, Bribe Branch, Renounce Religion, Stop Flying


You were on level 1 of the Depths.
You worshipped Gozag.
Gozag was greatly pleased with you.
You were hungry.

You visited 7 branches of the dungeon, and saw 37 of its levels.
You visited the Abyss 1 time.
You also visited: Gauntlet.

You collected 15454 gold pieces.
You spent 1844 gold pieces at shops.
You paid 5597 gold pieces to Gozag.

Inventory:

Hand Weapons
 B - a +9 vampiric broad axe (weapon)
   (You took it off a vault guard on level 5 of the Vaults)
Missiles
 H - 12 throwing nets (quivered)
Armour
 n - the +4 chain mail of a sewer (worn) {Str+5}
   (You bought it in a shop on level 1 of the Shoals)

   It affects your strength (+5).
 A - a +2 hat (worn)
   (You took it off Gastronok on level 2 of the Lair of Beasts)
 K - a +2 cloak of poison resistance (worn)
   (You bought it in a shop on level 1 of the Shoals)
 R - a +0 tower shield (worn)
   (You found it on level 4 of the Dungeon)
 V - a +2 pair of boots of flying (worn)
   (You found it on level 5 of the Vaults)
Jewellery
 c - an uncursed ring of protection from cold
   (You found it on level 15 of the Dungeon)
 f - an uncursed ring of protection from fire
   (You found it on level 2 of the Shoals)
 g - an uncursed ring of ice
   (You found it on level 1 of the Dungeon)
 m - an uncursed ring of protection from magic
   (You found it on level 5 of the Lair of Beasts)
 o - an uncursed ring of poison resistance
   (You found it on level 5 of the Vaults)
 p - a +5 ring of protection (right hand)
   (You found it on level 10 of the Dungeon)
 w - a ring of protection from magic (left hand)
   (You took it off an ogre mage on level 4 of the Vaults)
 z - an uncursed amulet of the acrobat
   (You found it on level 3 of the Vaults)
 J - the amulet of the Middle (around neck) {RegenMP rElec Str+3}
   (You found it in a Gauntlet)

   [amulet of magic regeneration]

   It increases your magic regeneration.
   It affects your strength (+3).
   It insulates you from electricity.
 N - a +5 ring of strength
   (You found it on level 1 of the Spider Nest)
 Q - an uncursed ring of protection from magic
   (You took it off a merfolk javelineer on level 4 of the Shoals)
 S - an uncursed amulet of guardian spirit
   (You took it off a vault guard on level 5 of the Vaults)
 T - the ring "Xoepsuoh" {Wiz Str+5}
   (You took it off a vault guard on level 5 of the Vaults)

   [ring of wizardry]

   It improves your spell success rate.
   It affects your strength (+5).
Wands
 s - a wand of iceblast (9)
   (You found it on level 2 of the Lair of Beasts)
 M - a wand of paralysis (31)
   (You found it on level 1 of the Spider Nest)
 O - a wand of clouds (4)
   (You found it on level 4 of the Spider Nest)
Scrolls
 j - 2 scrolls of magic mapping
 r - 8 scrolls of identify
 t - a scroll of teleportation
 x - 16 scrolls of remove curse
 y - 5 scrolls of immolation
 C - a scroll of summoning
 F - 2 scrolls of vulnerability
 G - a scroll of silence
 I - 4 scrolls of enchant armour
 L - 3 scrolls of fog
 P - 4 scrolls of enchant weapon
Potions
 d - 2 potions of might
 h - 4 potions of haste
 i - a potion of ambrosia
 k - 4 potions of lignification
 l - 3 potions of magic
 q - 7 potions of curing
 u - 3 potions of flight
 v - a potion of stabbing
 D - a potion of cancellation
 E - 3 potions of mutation
Books
 U - a manual of Axes
   (You found it on level 5 of the Vaults)
Comestibles
 e - 20 rations


   Skills:
 + Level 21.7(20.7) Fighting
 - Level 18.0(17.0) Axes
 + Level 21.7(20.8) Armour
 - Level 11.0(10.2) Dodging
 + Level 21.8(20.8) Shields


You had 19 spell levels left.
You didn't know any spells.
Your spell library was empty.

Dungeon Overview and Level Annotations

Branches:
Dungeon (15/15)            Temple (0/1) D:7            Lair (6/6) D:11
 Shoals (4/4) Lair:4       Spider (4/4) Lair:4        Slime (0/5) Lair:6
    Orc (2/2) D:9             Elf (0/3) Orc:2        Vaults (5/5) D:13
 Depths (1/5) D:15        Gauntlet (visited)
  Crypt: Vaults:2-3

Altars:
Ashenzari
Elyvilon
Gozag
Hepliaklqana
Kikubaaqudgha
Qazlal
Uskayaw
Vehumet
Wu Jian
Xom
Yredelemnul
Zin
Beogh

Shops:
D:4 %   D:6 [   Orc:2 *(?(   Lair:1 (   Shoals:1 [   Shoals:3 :   Vaults:3 (

Portals:
Trove: D:15 (give 13 potions of heal wounds)

Annotations:
Lair:1 exclusion: oklob plant
Lair:3 1 runed translucent door, Yheilu's ghost, journeyman OpCj
Lair:4 exclusion: 4 oklob plants
Lair:6 exclusion: oklob plant


Innate Abilities, Weirdness & Mutations

You reflexively headbutt those who attack you in melee.
You have a pair of horns on your head.


Message History

You block the rakshasa's attack.
You barely miss the Tzitzimitl. You headbutt the Tzitzimitl.
The Tzitzimitl is heavily wounded.
You hit something. You slice the rakshasa!!
You kill the rakshasa!
You slice the wizard!! You hit the rakshasa but do no damage.
You hit the rakshasa. You slash the rakshasa!
The stone giant is no longer distracted by gold.
A lich appears from thin air!
Reactivating autopickup.
The rakshasa is no longer distracted by gold.
The wizard hits you but does no damage.
The rakshasa becomes distracted by the nearby gold, dreaming of imaginary riches.
You block the lich's attack.
The rakshasa becomes distracted by the nearby gold, dreaming of imaginary riches.
You block the rakshasa's attack. x2; The Tzitzimitl barely misses you.
The Tzitzimitl bites you but does no damage.
The stone giant throws a large rock.
The large rock hits you!!!
You die...
Your body crumbles into a pile of gold.

..... ##.. #.... ##... #....
### ###.... #....###.###
###......
##.....#)...###+###........
##....$$.......#............
#......$..RR.>.............#
..........R.p...............
..........R@$.C.....#.......
..........R1L......##.......
.####..............##.......
##......................
#......................
######.................
#.......#.........
#......###........ #.....##
##.......


You could see a Tzitzimitl (summoned), a stone giant (summoned), a lich, 5
rakshasas and a wizard (summoned).

Vanquished Creatures
  An ancient lich (Vaults:5)
  Margery (Vaults:4)
  Nikola (Shoals:2)
  2 golden dragons (Vaults:5)
  3 liches
  3 tentacled monstrosities
  Jorgrun (D:15)
  3 titans
  A quicksilver dragon (Vaults:5)
  A sphinx (Vaults:5)
  3 tentacled starspawn (Abyss:2)
  Gastronok (Lair:2)
  A storm dragon (Vaults:5)
  3 tengu reavers
  6 shadow dragons (Vaults:5)
  An azure jelly (shapeshifter) (Vaults:5)
  4 fire giants
  2 deep elf sorcerers (Vaults:5)
  6 emperor scorpions
  A frost giant (Depths:1)
  2 ghost moths (Spider:4)
  10 vault wardens
  A cacodemon (Abyss:2)
  9 ironheart preservers
  A war gargoyle (Vaults:5)
  4 stone giants
  3 very ugly things (Vaults:5)
  3 deep elf demonologists (Vaults:5)
  2 spark wasps (Spider:4)
  A minotaur (Gauntlet)
  5 deep elf annihilators
  Azrael (D:12)
  A dire elephant (Lair:6)
  10 merfolk impalers
  4 merfolk javelineers
  6 ettins
  2 fire dragons
  8 yaktaur captains
  5 great orbs of eyes
  10 ogre magi
  Harold (Orc:1)
  A hydra (shapeshifter) (Vaults:5)
  An ice dragon (Depths:1)
  A deep elf high priest (Vaults:5)
  A catoblepas (Lair:6)
  10 centaur warriors
  A merfolk avatar (Shoals:2)
  27 vault guards
  8 hydras
  An anaconda (shapeshifter) (Vaults:5)
  An alligator snapping turtle (Shoals:2)
  A death knight (Vaults:3)
  2 satyrs
  26 two-headed ogres
  2 tengu warriors
  2 merfolk aquamancers (Shoals:4)
  6 deep troll earth magi
  6 death yaks (Lair:6)
  8 orc high priests
  2 deep troll shamans
  4 deep elf knights
  A wretched star (Abyss:2)
  Nergalle (Orc:1)
  3 sixfirhies
  2 skeletal warriors (Vaults:3)
  7 sea snakes
  4 hell knights
  12 deep trolls
  An unseen horror (D:13)
  2 glowing orange brains
  4 ironbrand convokers
  15 harpies
  A phantasmal warrior (Vaults:5)
  Pikel (D:6)
  3 deep elf archers
  An orc knight (Vaults:1)
  8 deep elf magi
  21 orb spiders
  4 necromancers
  4 orc sorcerers
  23 wolf spiders
  6 cyclopes
  4 manticores
  A moth of wrath (Spider:4)
  8 ugly things
  22 elephants
  A salamander (shapeshifter) (Vaults:3)
  2 black mambas
  6 water nymphs
  7 merfolk sirens
  A naga mage (D:15)
  6 vault sentinels
  Joseph (D:9)
  3 torpor snails
  8 spiny frogs
  2 spiny frogs (shapeshifter) (Depths:1)
  16 yaktaurs
  3 freezing wraiths
  An orange demon (Abyss:2)
  4 kobold demonologists
  A redback zombie (D:14)
  A tormentor (Abyss:2)
  4 rime drakes
  4 komodo dragons
  A tengu conjurer (D:13)
  8 demonic crawlers
  A queen bee (D:15)
  An ancient zyme (Abyss:2)
  A meliai (shapeshifter) (Vaults:1)
  2 wolf spider simulacra (D:15)
  8 hornets
  6 meliai
  8 trolls
  A harpy zombie (Abyss:2)
  4 wind drakes (Shoals:2)
  30 merfolk
  34 jumping spiders
  10 hippogriffs
  4 blink frogs (Lair:6)
  2 meliai zombies
  3 polar bears
  Sigmund (D:6)
  7 raiju (Abyss:2)
  10 slime creatures
  6 dream sheep
  4 starcursed masses
  A small abomination (Abyss:2)
  4 snapping turtles
  2 water elementals
  42 redbacks
  A human (D:8)
  A shadow (D:13)
  2 wraiths
  2 ynoxinuls (Abyss:2)
  17 yaks
  24 tarantellas
  2 wyverns
  6 fire elementals
  4 hogs (D:8)
  2 basilisks
  2 hungry ghosts
  Eustachio (D:6)
  Menkaure (D:6)
  3 vampire mosquitoes (D:14)
  7 wargs
  2 swamp worms (Gauntlet)
  2 soldier ants (D:14)
  2 acid dragons
  5 large abominations
  8 porcupines
  Duvessa (D:6)
  5 hell hounds
  15 water moccasins
  A slave (D:6)
  3 sky beasts
  A black bear (Lair:6)
  26 orc warriors
  5 ice beasts
  An eye of draining (D:12)
  5 phantoms
  A necrophage (D:13)
  10 wolves
  30 ogres
  7 boggarts
  A boggart (shapeshifter) (Vaults:5)
  19 centaurs
  9 crocodiles
  8 big kobolds
  14 bullfrogs
  A gnoll sergeant (D:5)
  Dowan (D:6)
  A wyvern skeleton (D:8)
  4 scorpions
  27 wights
  24 killer bees
  A howler monkey (D:13)
  8 electric eels
  6 centaur zombies
  3 bullfrog zombies
  6 crimson imps
  2 quasits
  44 orc priests
  3 hounds
  7 jellies
  2 bullfrog skeletons
  7 centaur skeletons
  8 iguanas
  23 orc wizards
  10 worker ants
  2 centaur simulacra
  A bullfrog simulacrum (D:10)
  A hound zombie (D:8)
  3 hound skeletons
  A worker ant zombie (D:8)
  12 gnolls
  A howler monkey zombie (D:7)
  A howler monkey skeleton (D:11)
  18 adders
  2 shadow imps
  4 white imps
  4 ufetubi
  3 oozes
  An adder skeleton (D:5)
  A worm (D:6)
  A dart slug (D:4)
  2 leopard geckos
  113 orcs
  2 ball pythons (D:3)
  5 giant cockroaches
  4 hobgoblins
  11 jackals
  19 kobolds
  8 quokkas
  A ball python skeleton (D:4)
  2 bats (D:2)
  A leopard gecko skeleton (D:5)
  A leopard gecko zombie (D:5)
  A quokka zombie (D:9)
  2 rats
  2 fungi
  2 plants
  3 starspawn tentacles (Abyss:2)
1355 creatures vanquished.

Vanquished Creatures (others)
  2 fire giants (Vaults:5)
  A merfolk avatar (Shoals:3)
  An ironbrand convoker (Vaults:5)
  A deep elf mage (Vaults:5)
  An orc sorcerer (Orc:1)
  A jumping spider (Spider:3)
  A tarantella (Spider:1)
  3 slaves (D:6)
  An ogre (D:9)
  An electric eel (Spider:4)
  2 orc priests (D:11)
  5 orcs
  A demonic plant (Gauntlet)
  A fungus (Lair:6)
  6 plants
  9 starspawn tentacles (Abyss:2)
37 creatures vanquished.

Grand Total: 1392 creatures vanquished

Notes
Turn   | Place    | Note
-------+----------+-------------------------------------------
     0 | D:1      | Flugslaktarn the Minotaur Fighter began the quest for the
                  | Orb.
     0 | D:1      | Reached XP level 1. HP: 19/19 MP: 0/0
   195 | D:2      | Reached XP level 2. HP: 27/27 MP: 1/1
   227 | D:2      | Reached XP level 3. HP: 25/33 MP: 2/2
   534 | D:2      | Found an ornate altar of the Wu Jian Council.
   585 | D:3      | Reached XP level 4. HP: 38/40 MP: 3/3
   972 | D:3      | Noticed a bullfrog
   983 | D:3      | Killed a bullfrog
   983 | D:3      | Reached XP level 5. HP: 41/47 MP: 4/4
  1071 | D:3      | Noticed an ogre
  1076 | D:3      | Killed an ogre
  1076 | D:3      | Reached skill level 5 in Axes
  1076 | D:3      | Reached XP level 6. HP: 23/55 MP: 5/5
  1364 | D:3      | Found a basalt altar of Yredelemnul.
  1544 | D:3      | Found a white marble altar of Elyvilon.
  1677 | D:3      | Found a shattered altar of Ashenzari.
  1830 | D:4      | Found Wibralur's Food Boutique.
  1981 | D:4      | Reached skill level 5 in Armour
  1998 | D:4      | Found a shimmering altar of Xom.
  2004 | D:4      | Reached skill level 5 in Fighting
  2004 | D:4      | Reached skill level 5 in Shields
  2202 | D:4      | Noticed a hungry ghost
  2227 | D:4      | Killed a hungry ghost
  2227 | D:4      | Reached XP level 7. HP: 61/61 MP: 6/6
  2405 | D:5      | Entered Level 5 of the Dungeon
  3106 | D:5      | Reached XP level 8. HP: 35/70 MP: 7/7
  3618 | D:6      | Noticed Menkaure
  3630 | D:6      | Killed Menkaure
  3921 | D:6      | Noticed Pikel
  3921 | D:6      | Found a hazy altar of Hepliaklqana.
  3922 | D:6      | Found an ancient bone altar of Kikubaaqudgha.
  3922 | D:6      | Found an opulent altar of Gozag.
  3936 | D:6      | Killed Pikel
  3952 | D:6      | Became a worshipper of Gozag Ym Sagoz the Greedy
  4320 | D:6      | Reached XP level 9. HP: 58/79 MP: 8/8
  4450 | D:6      | Found Yhofofoh's Antique Armour Shop.
  4574 | D:6      | Noticed Eustachio
  4607 | D:6      | Reached skill level 10 in Axes
  4625 | D:6      | Killed Eustachio
  4761 | D:6      | Noticed Sigmund
  4779 | D:6      | Killed Sigmund
  4904 | D:6      | Noticed Duvessa
  4905 | D:6      | Noticed Dowan
  4910 | D:6      | Killed Duvessa
  4912 | D:6      | Killed Dowan
  5351 | D:7      | You fall into a shaft and drop 2 floors!
  5426 | D:9      | Noticed a troll
  5432 | D:9      | Noticed Joseph
  6105 | D:7      | Found a staircase to the Ecumenical Temple.
  6224 | D:7      | Reached XP level 10. HP: 90/90 MP: 9/9
  6533 | D:8      | Noticed a two-headed ogre
  6542 | D:8      | Killed a two-headed ogre
  6980 | D:8      | Found a glowing silver altar of Zin.
  7953 | D:9      | Killed Joseph
  8069 | D:9      | Found a hide-covered altar of Uskayaw.
  8500 | D:9      | Found a stormy altar of Qazlal.
  8626 | D:9      | Found a staircase to the Orcish Mines.
  8629 | D:9      | Found a radiant altar of Vehumet.
  8796 | D:10     | Entered Level 10 of the Dungeon
  8815 | D:10     | Reached XP level 11. HP: 30/99 MP: 10/10
  9219 | D:10     | Noticed a two-headed ogre
  9234 | D:10     | Killed a two-headed ogre
  9234 | D:10     | Reached skill level 10 in Fighting
  9234 | D:10     | Reached skill level 10 in Armour
  9234 | D:10     | Reached skill level 10 in Shields
  9716 | D:10     | Found a shimmering altar of Xom.
 10405 | D:11     | Found a staircase to the Lair.
 10405 | D:11     | Noticed a centaur warrior
 10420 | D:11     | Killed a centaur warrior
 10669 | D:11     | Noticed a five-headed hydra
 12107 | D:12     | Noticed Azrael
 12131 | D:12     | Reached XP level 12. HP: 35/110 MP: 11/11
 12140 | D:12     | Killed Azrael
 13238 | D:12     | Reached skill level 15 in Axes
 13777 | Lair:1   | Entered Level 1 of the Lair of Beasts
 13807 | Lair:1   | Bought a +1 hand axe of flaming for 186 gold pieces
 14546 | Lair:2   | Noticed a five-headed hydra
 14553 | Lair:2   | Killed a seven-headed hydra
 14627 | Lair:2   | Noticed a six-headed hydra
 14636 | Lair:2   | Killed a one-headed hydra
 14868 | Lair:2   | Got a pair of bloodstained boots
 14879 | Lair:2   | Identified the +1 pair of boots "Ihokargho" {*Corrode Dex+7
                  | Stlth+} (You found it on level 2 of the Lair of Beasts)
 14910 | Lair:2   | Noticed Gastronok
 14924 | Lair:2   | Killed Gastronok
 15676 | Lair:3   | Noticed a five-headed hydra
 15687 | Lair:3   | Killed a three-headed hydra
 15882 | Lair:3   | Reached XP level 13. HP: 118/118 MP: 12/12
 15955 | Lair:3   | Found a runed translucent door.
 15955 | Lair:3   | Noticed Yheilu's ghost (journeyman OpCj)
 16606 | Lair:3   | You fall into a shaft and drop 3 floors!
 16606 | Lair:6   | Entered Level 6 of the Lair of Beasts
 17137 | Lair:6   | Found a staircase to the Slime Pits.
 18159 | Lair:6   | Noticed a dire elephant
 18177 | Lair:6   | Killed a dire elephant
 19303 | Lair:5   | Reached XP level 14. HP: 121/129 MP: 13/13
 20321 | Lair:4   | Found a staircase to the Shoals.
 20931 | Lair:4   | Found a hole to the Spider Nest.
 21017 | Lair:4   | Paralysed by a floating eye for 4 turns
 21696 | D:10     | Reached skill level 1 in Dodging
 22076 | Orc:1    | Entered Level 1 of the Orcish Mines
 22235 | Orc:1    | Noticed Harold
 22249 | Orc:1    | Killed Harold
 22426 | Orc:1    | Noticed Nergalle
 22900 | Orc:1    | Killed Nergalle
 23733 | Orc:2    | Entered Level 2 of the Orcish Mines
 24150 | Orc:2    | Found Bouzxoal's Assorted Antiques.
 24404 | Orc:2    | Bought a scroll of enchant armour for 210 gold pieces
 24404 | Orc:2    | Bought a scroll of fog for 56 gold pieces
 24412 | Orc:2    | Found Ofrorav's Weapon Boutique.
 24648 | Orc:2    | Found a staircase to the Elven Halls.
 24679 | Orc:2    | Found a roughly hewn altar of Beogh.
 24688 | Orc:2    | Found Qigicrut's Magic Scroll Shoppe.
 24868 | Orc:2    | Found Tykyaf's Weapon Boutique.
 24898 | Orc:2    | Bought a +5 war axe of flaming for 466 gold pieces
 25506 | D:13     | Got a shimmering hand axe
 25507 | D:13     | Identified the +4 hand axe "Kesefanwo" {antimagic, *Noise
                  | rPois rC+++ Int+7} (You found it on level 13 of the
                  | Dungeon)
 26181 | D:13     | Reached skill level 5 in Dodging
 26284 | D:13     | Found a gate to the Vaults.
 26446 | D:14     | Reached XP level 15. HP: 124/139 MP: 14/14
 26953 | D:15     | Entered Level 15 of the Dungeon
 26964 | D:15     | Identified a scroll of acquirement
 26965 | D:15     | Identified the +5 executioner's axe of the Wary Dances
                  | {protect, rPois MP+9} (You acquired it on level 15 of the
                  | Dungeon)
 26994 | D:15     | Found a portal to a secret trove of treasure.
 27054 | D:15     | Found a gate leading to a gauntlet.
 27062 | Gauntlet | Entered a Gauntlet
 27062 | Gauntlet | Found a transporter.
 27062 | Gauntlet | Found a transporter.
 27370 | Gauntlet | Found a transporter.
 27374 | Gauntlet | Found a transporter.
 27383 | Gauntlet | Found a transporter.
 27386 | Gauntlet | Found a transporter.
 27394 | Gauntlet | Found a transporter.
 27410 | Gauntlet | Found a transporter.
 27424 | Gauntlet | Found a transporter.
 27428 | Gauntlet | Found a transporter.
 27429 | Gauntlet | Found the +2 robe of Vines {NoPotionHeal Regen+7}
 27436 | Gauntlet | Found a transporter.
 27440 | Gauntlet | Found a transporter.
 27513 | Gauntlet | Got an ancient bronze ring
 27598 | Gauntlet | Identified the ring "Haulluez" {+Fly Stlth+} (You found it
                  | in a Gauntlet)
 27665 | Gauntlet | Identified the Grimoire of the Guild-Master
 27666 | Gauntlet | Got a translucent iron amulet
 27667 | Gauntlet | Identified the amulet of the Middle {RegenMP rElec Str+3}
                  | (You found it in a Gauntlet)
 27710 | D:15     | Reached skill level 15 in Shields
 27712 | D:15     | Reached skill level 15 in Armour
 28162 | D:14     | Reached skill level 15 in Fighting
 29218 | D:15     | Found a staircase to the Depths.
 29251 | D:15     | Noticed Jorgrun
 29261 | D:15     | Killed Jorgrun
 29854 | Spider:1 | Entered Level 1 of the Spider Nest
 30883 | Spider:2 | Reached XP level 16. HP: 125/150 MP: 15/15
 32474 | Spider:4 | Entered Level 4 of the Spider Nest
 33055 | Spider:4 | Reached skill level 10 in Dodging
 34619 | Spider:4 | Got a gossamer rune of Zot
 34988 | Shoals:1 | Entered Level 1 of the Shoals
 35040 | Shoals:1 | Reached XP level 17. HP: 115/160 MP: 16/16
 35280 | Shoals:1 | Bought an ancient chain mail for 332 gold pieces
 35280 | Shoals:1 | Bought a pair of ancient gloves for 332 gold pieces
 35285 | Shoals:1 | Identified the cursed -3 pair of gloves "Ruomujao" {Int+3
                  | Dex+3} (You bought it in a shop on level 1 of the Shoals)
 35295 | Shoals:1 | Identified the +4 chain mail of a sewer {Str+5} (You bought
                  | it in a shop on level 1 of the Shoals)
 35425 | Shoals:1 | Bought a glowing cloak for 262 gold pieces
 35971 | Shoals:2 | Noticed Nikola
 35984 | Shoals:2 | Killed Nikola
 36389 | Shoals:3 | Found Acseq's Book Boutique.
 36429 | Shoals:4 | Entered Level 4 of the Shoals
 37811 | Shoals:4 | Got a barnacled rune of Zot
 38536 | Vaults:1 | Entered Level 1 of the Vaults
 39281 | Vaults:1 | Reached XP level 18. HP: 172/172 MP: 17/17
 39980 | Vaults:3 | Found Usmepoes's Weapon Shoppe.
 40806 | Vaults:5 | Entered Level 5 of the Vaults
 41214 | Vaults:5 | Identified the +12 trident of Fatigue {freeze, rPois rF++
                  | MP+9 Dex-3}
 41346 | Vaults:5 | Identified the ring "Xoepsuoh" {Wiz Str+5}
 41348 | Vaults:5 | Noticed a golden dragon
 41368 | Vaults:5 | Killed a golden dragon
 41400 | Vaults:5 | Reached XP level 19. HP: 78/183 MP: 18/18
 42134 | Vaults:5 | Noticed an ancient lich
 42838 | Vaults:4 | Noticed Margery
 42921 | Vaults:4 | Killed Margery
 43270 | Vaults:5 | Cast into level 2 of the Abyss (a deep elf demonologist)
 43758 | Abyss:2  | Noticed a lich
 43770 | Abyss:2  | Killed a lich
 43816 | Vaults:5 | Escaped the Abyss
 44168 | Vaults:5 | Killed an ancient lich
 44269 | Vaults:5 | Reached XP level 20. HP: 122/195 MP: 19/19
 44269 | Vaults:5 | Noticed a golden dragon
 44285 | Vaults:5 | Killed a golden dragon
 46193 | Vaults:5 | Got a silver rune of Zot
 47092 | Depths:1 | Entered Level 1 of the Depths
 47254 | Depths:1 | Hit by a large rock thrown by a stone giant

Illustrated notes

Levels and vault maps discovered:
D:1:      co_arrival_random_square_maze, layout_loops_cross
D:2:      layout_rooms, lemuel_crystal_altar, lemuel_doored_altar
D:3:      layout_basic, kennysheep_ying_yang, lemuel_coloured_pillars_altar,
          first_ration, minmay_tree_intersection, kennysheep_nondescript,
          lemuel_statue_altar
D:4:      layout_basic, xom_butterflies, serial_shops, nicolae_shop_statue_plus
D:5:      layout_gridville, serial_glass, glass_columns_a, glass_columns_b
D:6:      layout_rooms, chequers_temple_overflow_statue_of_worship,
          cheibrodos_sewer_entry_drain, serial_shops, nicolae_shop_statue_plus,
          uniq_eustachio, uniq_sigmund, uniq_duvessa, uniq_menkaure, uniq_pikel
D:7:      layout_basic, temple_fountains
D:8:      layout_loops_ring, old_standard_altar, grunt_livestock
D:9:      layout_irregular_city, fiery_altar_vehumet, kennysheep_mini,
          nicolae_qazlal_style_of_elements, orc_0_dummy, uniq_joseph
D:10:     layout_basic, basic_altar, serial_ice, serial_ice_l, serial_ice_d,
          serial_ice_m, serial_ice_h, serial_ice_n, serial_ice_b, serial_ice_a,
          serial_ice_o
D:11:     layout_stronghold, lair_entry_dummy, lemuel_nasty_fountain
D:12:     layout_rooms, serial_corexii_hall, chequers_hall_statues_y,
          corexii_hall_statues_i, corexii_hall_statues_x,
          minmay_fire_ice_demons, uniq_azrael
D:13:     minmay_isolated_rectangles_in_corner, layout_irregular_city,
          david_vaults_5
D:14:     layout_gridville, hangedman_decor_push
D:15:     grunt_enter_depths_magical_seal, layout_rooms,
          nicolae_trove_entry_free_sample, gauntlet_entry_generic, special_room
          [special_room_bee], uniq_jorgrun
Lair:1:   layout_gridlike, lemuel_fruit_fields, infiniplex_staircase_pool,
          minmay_lair_oklob_chamber
Lair:2:   layout_chaotic_city, nicolae_quartered_pool_super, uniq_gastronok
Lair:3:   layout_roguey, gammafunk_ghost_grave, grunt_megastairs_4
Lair:4:   layout_layer_cave, minmay_shoals_entry_beasts,
          spider_nest_entry_web_field, disabler_island, serial_bayou_shore_a
Lair:5:   layout_hall_layers, grunt_megastairs_5
Lair:6:   grunt_lair_end_beastmaster, layout_gridlike,
          nicolae_slime_entry_slimehenge, nicolae_volcano_entry_vermiform,
          serial_bayou_pond_b, minmay_lair_oklob_bushes, lemuel_fruit_tree
Shoals:1: layout_shoals, serial_shops, shop_statue, shop, nicolae_shop_crystal
Shoals:2: layout_shoals, uniq_nikola
Shoals:3: layout_shoals, serial_shops, nicolae_shop_waterfront
Shoals:4: shoals_end_hangedman, layout_shoals, shoal_ilsuiw, uniq_polyphemus
Spider:1: layout_spider_delve, nicolae_spider_webs_and_nodes, drop_trap
Spider:2: layout_spider_delve
Spider:3: layout_spider_delve, special_room
Spider:4: spider_rune_water, nicolae_orb_stairs
Orc:1:    layout_caves, nooodl_orcs_dogs, uniq_harold, uniq_nergalle
Orc:2:    st_orc_town, layout_caves
Vaults:1: v_misc_26, nicolae_vaults_diagonal_hallway_9,
          nicolae_vaults_network_square, nicolae_vaults_twisting_passages,
          grunt_vaults_twisty, v_misc_12, v_misc_19, serial_ice_b, v_misc_19,
          hangedman_vaults_stream, vaults_dpeg_encased_lava,
          grunt_vaults_hallway_long, layout_vaults_big_room
Vaults:2: dpeg_vaults_monster_row, vaults_dpeg_diagonal,
          minmay_crypt_entry_simple_corners, hangedman_vaults_slice,
          vaults_standard_mumra_lines, grunt_vaults_swirl,
          hangedman_vaults_snaps, st_check, vaults_standard_mumra_x,
          grunt_vaults_diagonal, layout_vaults_omnibox, serial_shops,
          nicolae_shop_temple_entry_statues_fountains, shop, uniq_saint_roka
Vaults:3: nicolae_vaults_little_squares_4, vaults_mumra_minichess_inversion,
          v_misc_30, v_rooms_6, ontoclasm_vaults_spin, ontoclasm_vaults_eye,
          vaults_room_fours, vaults_dpeg_ring, vaults_dpeg_hooks,
          layout_vaults_quadrants, portal_desolation_entry_twin_temple,
          serial_shops, nicolae_shop_temple_entry_statues_fountains, uniq_jory
Vaults:4: ebering_vaults_ghost_gozag, hangedman_vaults_pinch,
          ontoclasm_vaults_pinch, v_misc_8, nicolae_vaults_triangles,
          grunt_vaults_hallway_long, v_misc_10,
          nicolae_vaults_network_periphery, v_misc_28,
          grunt_vaults_hallway_long, v_misc_12, v_misc_13,
          nicolae_vaults_little_squares_4, hangedman_vaults_impose,
          ontoclasm_vaults_ring_small, layout_vaults_maze_bifur, uniq_margery
Vaults:5
Depths:1: grunt_house_of_mirrors, layout_cave_shapes, nrook_pool_corridor,
          hellmouth_1, kilobyte_mutagenic_chamber, grunt_megastairs_2,
          minmay_shop_grove

Skill      XL: |  1  2  3  4  5  6  7  8  9 10 11 12 13 14 15 16 17 18 19 20 |
---------------+-------------------------------------------------------------+-----
Axes           | 3 4 5 6 7 9 11 12 14 16 17 18 | 18.0
Armour         | 4 5 6 7 8 9 11 12 13 14 15 16 18 19 20 21 | 21.7
Shields        | 4 5 6 7 8 9 11 12 13 14 15 16 18 19 20 21 | 21.8
Fighting       | 4 5 6 7 8 9 11 12 13 14 15 16 18 19 20 21 | 21.7
Dodging        | 5 8 10 11 | 11.0

Action                   |  1- 3 |  4- 6 |  7- 9 | 10-12 | 13-15 | 16-18 | 19-21 || total
-------------------------+-------+-------+-------+-------+-------+-------+-------++-------
Melee: War axe           |    53 |   105 |   350 |   749 |   653 |  1318 |   606 ||  3834
       Headbutt          |     3 |    14 |    76 |   171 |   316 |   373 |   268 ||  1221
       Hand axe          |       |       |       |    15 |    11 |       |       ||    26
       Broad axe         |       |       |       |       |   628 |       |    81 ||   709
Invok: Potion Petition   |       |       |     1 |     1 |     1 |     4 |     3 ||    10
       Call Merchant     |       |       |       |     1 |       |     1 |       ||     2
Evoke: Wand              |       |       |       |       |       |     2 |     1 ||     3
  Use: Potion            |     1 |       |       |     3 |     4 |    12 |     1 ||    21
       Scroll            |       |     9 |       |    19 |    13 |     5 |     9 ||    55
 Stab: Distracted        |       |       |       |     4 |    10 |     8 |     4 ||    26
       Petrifying        |       |       |       |       |     2 |       |       ||     2
       Petrified         |       |       |       |       |     2 |       |       ||     2
       Sleeping          |       |       |       |       |       |       |     2 ||     2
       Invisible         |       |       |       |       |       |       |     1 ||     1
  Eat: Chunk             |       |     3 |     2 |       |       |       |       ||     5
       Ration            |       |     2 |     3 |     9 |    16 |    10 |     5 ||    45
Armor: Scale mail        |    43 |    42 |    92 |     8 |       |       |       ||   185
       Plate armour      |       |       |       |   348 |   549 |   228 |       ||  1125
       Skin              |       |       |       |     4 |       |       |       ||     4
       Chain mail        |       |       |       |       |       |   226 |   159 ||   385
Dodge: Dodged            |    23 |    31 |    50 |   101 |   190 |   382 |   145 ||   922
Block: Kite shield       |    33 |    30 |       |       |       |       |       ||    63
       Tower shield      |       |    44 |   310 |   737 |  1124 |  1408 |   577 ||  4200

Table legend:
 A = Non-vault XP
 B = Vault XP
 C = Vault XP percentage of total XP
 D = Non-vault monster count
 E = Vault monster count
 F = Vault count percentage of total count
                 A         B        C        D         E       F
            +---------+---------+-------+---------+---------+-------
      Total |  284337 |  276490 |  49.3 |     944 |     410 |  30.3
            +---------+---------+-------+---------+---------+-------
        D:1 |       6 |       0 |   0.0 |       3 |       0 |   0.0
        D:2 |      69 |       0 |   0.0 |      13 |       0 |   0.0
        D:3 |     309 |       0 |   0.0 |      29 |       0 |   0.0
        D:4 |     412 |       0 |   0.0 |      12 |       0 |   0.0
        D:5 |     856 |       0 |   0.0 |      29 |       0 |   0.0
        D:6 |    1656 |    1492 |  47.4 |      32 |       8 |  20.0
        D:7 |     566 |       0 |   0.0 |      21 |       0 |   0.0
        D:8 |    1891 |     990 |  34.4 |      16 |       5 |  23.8
        D:9 |    1455 |     434 |  23.0 |      26 |       1 |   3.7
       D:10 |    5346 |    1467 |  21.5 |      36 |      16 |  30.8
       D:11 |    4416 |       0 |   0.0 |      50 |       0 |   0.0
       D:12 |    5532 |    2692 |  32.7 |      56 |      11 |  16.4
       D:13 |    4643 |    6871 |  59.7 |      20 |      14 |  41.2
       D:14 |   17260 |     124 |   0.7 |      46 |       2 |   4.2
       D:15 |   10470 |   10073 |  49.0 |      34 |      34 |  50.0
     Lair:1 |    2982 |       0 |   0.0 |      13 |       0 |   0.0
     Lair:2 |    2716 |    2182 |  44.5 |       6 |       1 |  14.3
     Lair:3 |    7220 |     448 |   5.8 |      23 |       4 |  14.8
     Lair:4 |    1320 |     764 |  36.7 |      10 |       2 |  16.7
     Lair:5 |    3928 |    2828 |  41.9 |      19 |       6 |  24.0
     Lair:6 |    5136 |   12409 |  70.7 |      18 |      28 |  60.9
   Shoals:1 |    4708 |       0 |   0.0 |      10 |       0 |   0.0
   Shoals:2 |   10432 |    3447 |  24.8 |      23 |       1 |   4.2
   Shoals:3 |    3266 |       0 |   0.0 |       4 |       0 |   0.0
   Shoals:4 |   23448 |   13475 |  36.5 |      46 |      20 |  30.3
   Spider:1 |    5702 |       0 |   0.0 |      18 |       0 |   0.0
   Spider:2 |    9810 |       0 |   0.0 |      26 |       0 |   0.0
   Spider:3 |   16814 |       0 |   0.0 |      44 |       0 |   0.0
   Spider:4 |   14494 |   24121 |  62.5 |      42 |      43 |  50.6
      Orc:1 |    4853 |    3008 |  38.3 |      43 |      14 |  24.6
      Orc:2 |     885 |    7453 |  89.4 |      12 |      56 |  82.4
   Vaults:1 |   12745 |    7009 |  35.5 |      18 |      13 |  41.9
   Vaults:2 |    6083 |    5217 |  46.2 |      10 |       7 |  41.2
   Vaults:3 |   11289 |    1294 |  10.3 |      22 |       2 |   8.3
   Vaults:4 |   21515 |   30177 |  58.4 |      28 |      23 |  45.1
   Vaults:5 |   27698 |  122717 |  81.6 |      38 |      82 |  68.3
   Depths:1 |   12371 |    9779 |  44.1 |      15 |       6 |  28.6
    Abyss:2 |   20035 |       0 |   0.0 |      33 |       0 |   0.0
   Gauntlet |       0 |    6019 | 100.0 |       0 |      11 | 100.0
            +---------+---------+-------+---------+---------+-------
